 Dungeon Crawl Stone Soup version 0.27-a0-170-g607d9e9d85 (console) character file.

Game seed: 10044003605037980430

197037 jejorda2 the Martial Artist (level 18, -7/139 (141) HPs)
             Began as a Gnoll Transmuter on Jan 27, 2021.
             Was a High Priest of Nemelex Xobeh.
             Killed by the raging water
             ... invoked by a water nymph
              (22 damage)
             ... on level 3 of the Lair of Beasts on Jan 28, 2021.
             The game lasted 03:20:46 (47954 turns).

jejorda2 the Martial Artist (Gnoll Transmuter)     Turns: 47954, Time: 03:20:47

HP:   -7/139 (141)  AC: 17    Str:  7    XL:     18   Next: 39%
MP:   24/35         EV: 20    Int: 17    God:    Nemelex Xobeh [*****.]
Gold: 2760          SH:  0    Dex: 17    Spells: 15/43 levels left

rFire    + + .     SeeInvis .     - Unarmed
rCold    + . .     Faith    +   (shield currently unavailable)
rNeg     . . .     Spirit   .   l - +2 troll leather armour
rPois    +         Reflect  .   S - +2 helmet
rElec    .         Harm     .   w - +2 cloak
rCorr    .         Rampage  .   (gloves currently unavailable)
Will     ++...                  h - +1 pair of boots "Lul Maetz" {rF++}
Stlth    +++.......             L - amulet of faith
HPRegen  0.73/turn              T - ring "Sinaluf" {rPois rC+}
MPRegen  0.24/turn              I - ring of willpower

@: blade hands, lightly drained, very slow
A: distributed training, fangs 1, weak 1, strong nose
}: 1/15 runes: gossamer
a: End Transformation, Renounce Religion, Draw Escape, Draw Destruction, Draw
Summoning, Draw Stack, Triple Draw, Deal Four, Stack Five


You were on level 3 of the Lair of Beasts.
You worshipped Nemelex Xobeh.
Nemelex Xobeh was extremely pleased with you.
You had blades for hands.
You visited 5 branches of the dungeon, and saw 26 of its levels.
You also visited: Sewer, Gauntlet, Ice Cave and Volcano.

You collected 3165 gold pieces.
You spent 405 gold pieces at shops.

Inventory:

Missiles
 i - 46 javelins
 j - 35 poisoned darts (quivered)
 K - 5 boomerangs of dispersal
 M - 6 throwing nets
Armour
 h - the +1 pair of boots "Lul Maetz" (worn) {rF++}
   (You found it in a Gauntlet)

   It greatly protects you from fire.
 l - a +2 troll leather armour (worn)
 w - a +2 cloak (worn)
 S - a +2 helmet (worn)
 U - a +0 pair of gloves (melded)
Jewellery
 e - an uncursed ring of positive energy
 t - the ring of Woadec {rF- rCorr Str+6 Dex+4 SInv}
   (You took it off an orc sorcerer on level 2 of the Orcish Mines)

   [ring of resist corrosion]

   It affects your strength (+6).
   It affects your dexterity (+4).
   It makes you vulnerable to fire.
   It lets you see invisible.
   It provides partial protection from all sources of acid and corrosion.
 I - a ring of willpower (right scythe-like blade)
 L - an amulet of faith (around neck)
 T - the ring "Sinaluf" (left scythe-like blade) {rPois rC+}
   (You found it in an ice cave)

   [ring of protection from cold]

   It protects you from cold.
   It protects you from poison.
Wands
 c - a wand of iceblast (21)
 k - a wand of random effects (20)
 o - a wand of acid (17)
 J - a wand of polymorph (12)
 O - a wand of flame (55)
 Y - a wand of mindburst (19)
 Z - a wand of enslavement (8)
Scrolls
 d - 4 scrolls of amnesia
 f - 13 scrolls of remove curse
 m - 3 scrolls of fog
 s - 2 scrolls of silence
 u - a scroll of magic mapping
 x - 3 scrolls of identify
 y - 4 scrolls of fear
 D - 12 scrolls of teleportation
 G - 2 scrolls of enchant armour
 N - a scroll of blinking
Potions
 a - 7 potions of mutation
 b - a potion of attraction
 g - 7 potions of resistance
 n - a potion of heal wounds
 p - 3 potions of lignification
 q - 7 potions of cancellation
 r - 4 potions of magic
 v - 2 potions of haste
 z - 5 potions of flight
 A - 13 potions of curing
 B - 7 potions of might
 C - 4 potions of brilliance
 E - 3 potions of berserk rage
 F - 3 potions of ambrosia
 V - a potion of invisibility
Miscellaneous
 H - a lightning rod (4/4)
 P - a condenser vane
 Q - a tin of tremorstones (2/2)
 R - a phial of floods


   Skills:
 + Level 12.4 Fighting
 + Level 12.1 Short Blades
 + Level 12.1 Long Blades
 + Level 12.1 Axes
 + Level 12.1 Maces & Flails
 + Level 12.1 Polearms
 + Level 12.1 Staves
 + Level 13.5 Slings
 + Level 12.1 Bows
 + Level 12.1 Crossbows
 + Level 12.1 Throwing
 + Level 12.1 Armour
 + Level 12.8 Dodging
 + Level 12.1 Stealth
 + Level 12.1 Shields
 + Level 13.5 Unarmed Combat
 + Level 13.0 Spellcasting
 + Level 10.4 Conjurations
 + Level 10.4 Hexes
 + Level 10.4 Summonings
 + Level 10.4 Necromancy
 + Level 10.4 Translocations
 + Level 11.0 Transmutations
 + Level 10.4 Fire Magic
 + Level 10.4 Ice Magic
 + Level 10.4 Air Magic
 + Level 10.4 Earth Magic
 + Level 10.4 Poison Magic
 + Level 13.1 Invocations
 + Level 12.1 Evocations


You had 15 spell levels left.
You knew the following spells:

 Your Spells              Type           Power        Failure   Level
a - Beastly Appendage     Tmut           96%          7%          1
b - Spider Form           Tmut/Pois      23%          10%         3
c - Ice Form              Ice/Tmut       47%          16%         4
d - Blade Hands           Tmut           24%          24%         5
e - Bolt of Magma         Conj/Fire/Erth 23%          26%         5
f - Iron Shot             Conj/Erth      23%          58%         6
p - Passwall              Tmut/Erth      39%          8%          2
S - Swiftness             Air            46%          9%          2

Your spell library contained the following spells:

 Spells                   Type           Power        Failure   Level
 Corona                   Hex            51%          7%          1
 Sandblast                Erth           92%          7%          1
 Sting                    Tmut/Pois      100%         7%          1
 Wereblood                Tmut           48%          8%          2
 Ensorcelled Hibernation  Hex/Ice        92%          9%          2
 Confusing Touch          Hex            46%          11%         3
 Dazzling Flash           Conj/Hex       92%          11%         3
 Gell's Gravitas          Tloc           23%          11%         3
 Stone Arrow              Conj/Erth      92%          11%         3
 Tukima's Dance           Hex            46%          11%         3
 Passage of Golubria      Tloc           N/A          16%         4
 Petrify                  Tmut/Erth      47%          16%         4
 Yara's Violent Unravell  Hex/Tmut       23%          24%         5
 Iskenderun's Battlesphe  Conj           46%          26%         5
 Lee's Rapid Deconstruct  Erth           23%          26%         5
 Metabolic Englaciation   Hex/Ice        23%          26%         5
 Invisibility             Hex            46%          58%         6
 Orb of Destruction       Conj           23%          95%         7
 Spellforged Servitor     Conj/Summ      23%          95%         7


Dungeon Overview and Level Annotations

Branches:
Dungeon (13/15)            Temple (0/1) D:7            Lair (6/6) D:10
 Shoals (1/4) Lair:3       Spider (4/4) Lair:4        Slime (0/5) Lair:6
    Orc (2/2) D:11            Elf (0/3) Orc:2        Vaults (0/5) D:13
  Sewer (visited)           IceCv (visited)         Volcano (visited)
Gauntlet (visited)

Altars:
Ashenzari
Fedhas
Hepliaklqana
Nemelex Xobeh
Okawaru
Qazlal
Ru
Sif Muna
Trog
Vehumet
Wu Jian
The Shining One
Beogh
Jiyva

Shops:
D:8 =   Orc:2 (::

Annotations:
D:3 exclusion: door
Lair:4 3 runed translucent doors, Fiha's ghost, journeyman VSTm
Spider:3 exclusion: downstairs
Spider:4 1 exclusion


Innate Abilities, Weirdness & Mutations

Your experience applies equally to all skills.
You have very sharp teeth.
Your uncanny sense of smell can sniff out nearby items.
You are weak. (Str -2)


Message History

The water nymph touches you. The water nymph drowns you!
* * * LOW HITPOINT WARNING * * *
The manticore misses you. The manticore completely misses you.
The manticore claws you.
* * * LOW HITPOINT WARNING * * *
Your unstable footing causes you to fumble your attack.
The water nymph gestures at you while chanting.
The water swirls and strikes you!
* * * LOW HITPOINT WARNING * * *
You hit the manticore but do no damage.
You bite the manticore, but do no damage.
The manticore bites you.
* * * LOW HITPOINT WARNING * * *
The manticore completely misses you.
The manticore claws you but does no damage.
Your unstable footing causes you to fumble your attack.
The water nymph points at you and mumbles some strange words.
The water swirls and strikes you!!
You die...
Your body glows slightly and disappears.

### ###### ###.## #.#PP##
#....#######.....#
#.####≈≈≈≈≈###'..#
#.#≈≈≈#≈≈≈#≈≈≈#..## ## ###
#.#≈≈≈#≈≈≈#≈≈≈#..P### ###
.###.####.#≈≈≈#####≈≈≈#..##.###.#
..........####≈m≈≈#####..........
#.#..P......#≈≈H@≈≈≈#............
#######...#####≈≈≈'####..........
##....#≈≈≈#####≈≈≈#..........
#.#...#≈≈≈#≈≈≈#≈≈≈#....#.....
##....#≈≈≈#≈≈≈#≈≈≈#..........
##...'###≈≈≈≈≈####....P..... ###
##......#######.............
##.###....#### #..#...#P.###.#...
...........#####.............#...


You could see a manticore and a water nymph.

Vanquished Creatures
  A quicksilver dragon (Spider:4)
  Asterion (Spider:3)
  Frances (Shoals:1)
  A shadow dragon (IceCv)
  A thorn hunter (Lair:4)
  2 ghost moths (Spider:4)
  2 orc warlords
  9 emperor scorpions
  9 entropy weavers
  2 spark wasps
  9 slime creatures
  A great orb of eyes (Gauntlet)
  Harold (D:11)
  7 hydras
  3 vault guards (D:13)
  A boulder beetle (D:13)
  2 centaur warriors (D:13)
  3 catoblepae (Lair:6)
  A tengu warrior (D:13)
  20 death yaks
  6 two-headed ogres
  A queen ant (Spider:2)
  4 orc high priests (Orc:2)
  Urug (D:12)
  2 deep elf knights (D:13)
  2 wizards (D:13)
  A sea snake (Shoals:1)
  2 skeletal warriors (Volcano)
  3 anaconda skeletons (Volcano)
  Pikel (D:8)
  7 oklob plants
  A wolf spider zombie (D:13)
  8 orc knights
  3 cyclopes
  6 orc sorcerers
  25 wolf spiders
  15 orb spiders
  3 moths of wrath
  3 manticores
  4 ugly things
  An ice statue (IceCv)
  2 black mambas
  18 elephants
  5 gargoyles (Volcano)
  2 torpor snails
  10 cane toads
  8 demonic crawlers
  13 komodo dragons
  4 rime drakes
  A tengu conjurer (D:13)
  7 trolls
  26 jumping spiders
  10 meliai
  A queen bee (Spider:1)
  A wind drake (Spider:2)
  4 hornets
  14 polar bears
  2 harpy skeletons (Volcano)
  A tyrant leech (Lair:5)
  9 dream sheep (Lair:6)
  13 blink frogs
  An alligator skeleton (Volcano)
  A vampire (D:13)
  A flying skull (Volcano)
  62 redbacks
  31 tarantellas
  95 yaks
  A shapeshifter (Lair:6)
  A human (Lair:6)
  6 wyverns
  2 steam dragons
  7 basilisks
  6 wargs
  14 soldier ants
  4 acid dragons
  12 water moccasins
  A hell hound (Spider:2)
  39 orc warriors
  6 ice beasts
  18 ogres
  A tengu (IceCv)
  18 wolves
  3 sky beasts
  An eye of draining (D:12)
  8 centaurs
  A lemure (D:8)
  4 big kobolds
  12 bullfrogs
  21 killer bees
  6 howler monkeys
  An electric eel (Lair:1)
  2 spriggan skeletons (Volcano)
  A troll skeleton (Volcano)
  3 bullfrog zombies
  11 jellies
  2 quasits
  2 bullfrog skeletons
  38 orc priests
  10 hounds
  20 orc wizards
  7 iguanas
  Terence (D:3)
  30 worker ants
  A naga skeleton (Volcano)
  A hound skeleton (D:5)
  A howler monkey zombie (D:7)
  A gnoll (D:5)
  12 adders
  A river rat (Lair:4)
  A shadow imp (D:9)
  3 white imps
  An ufetubus (D:10)
  12 oozes
  2 adder zombies
  An adder skeleton (D:5)
  A worm (D:6)
  7 leopard geckos
  146 orcs
  10 bats
  12 giant cockroaches
  7 goblins
  9 hobgoblins
  12 jackals
  3 quokkas (D:9)
  3 ball pythons
  12 frilled lizards
  36 kobolds
  12 rats
  A butterfly (Lair:2)
1146 creatures vanquished.

Vanquished Creatures (collateral kills)
  An emperor scorpion (Spider:3)
  An entropy weaver (Spider:3)
  A boulder beetle (Lair:6)
  A death yak (Lair:6)
  An orb spider (Spider:3)
  Psyche (D:8)
  2 cane toads (Lair:5)
  Maggie (D:7)
  A komodo dragon (Lair:6)
  3 blink frogs (Lair:3)
  2 redbacks (Spider:4)
  A basilisk (Lair:4)
  An orc warrior (D:13)
  A wolf (Lair:3)
  A bullfrog (D:9)
  A spriggan skeleton (Volcano)
  A hound (D:7)
  An orc wizard (D:13)
  An orc (D:9)
23 creatures vanquished.

Vanquished Creatures (others)
  Maurice (D:10)
  2 flying skulls (Volcano)
  A hog (Lair:6)
  A yak (IceCv)
  An orc warrior (Orc:2)
  A wolf (IceCv)
  41 fungi
  83 plants
131 creatures vanquished.

Grand Total: 1300 creatures vanquished

Notes
Turn   | Place    | Note
-------+----------+-------------------------------------------
     0 | D:1      | jejorda2 the Gnoll Transmuter began the quest for the Orb.
     0 | D:1      | Reached XP level 1. HP: 17/17 MP: 6/6
   222 | D:1      | Reached XP level 2. HP: 23/23 MP: 5/7
   623 | D:2      | Reached XP level 3. HP: 28/28 MP: 9/9
   629 | D:2      | Found a glowing golden altar of the Shining One.
   634 | D:2      | Reached skill level 5 in Spellcasting
   716 | D:2      | Learned a level 3 spell: Spider Form
   893 | D:2      | Reached skill level 1 in Invocations
   897 | D:2      | Found a sparkling altar of Nemelex Xobeh.
   901 | D:2      | Became a worshipper of Nemelex Xobeh the Trickster
  1081 | D:2      | Reached skill level 1 in Short Blades
  1081 | D:2      | Reached skill level 1 in Long Blades
  1081 | D:2      | Reached skill level 1 in Axes
  1081 | D:2      | Reached skill level 1 in Maces & Flails
  1081 | D:2      | Reached skill level 1 in Polearms
  1081 | D:2      | Reached skill level 1 in Staves
  1081 | D:2      | Reached skill level 1 in Slings
  1081 | D:2      | Reached skill level 1 in Bows
  1081 | D:2      | Reached skill level 1 in Crossbows
  1081 | D:2      | Reached skill level 1 in Throwing
  1081 | D:2      | Reached skill level 1 in Armour
  1081 | D:2      | Reached skill level 1 in Stealth
  1081 | D:2      | Reached skill level 1 in Shields
  1081 | D:2      | Reached skill level 1 in Evocations
  1433 | D:2      | Found a hazy altar of Hepliaklqana.
  1482 | D:3      | Reached XP level 4. HP: 34/34 MP: 11/11
  1562 | D:3      | Found a shimmering blue altar of Sif Muna.
  1574 | D:3      | book past water
  1663 | D:3      | Reached skill level 1 in Conjurations
  1663 | D:3      | Reached skill level 1 in Hexes
  1663 | D:3      | Reached skill level 1 in Summonings
  1663 | D:3      | Reached skill level 1 in Necromancy
  1663 | D:3      | Reached skill level 1 in Translocations
  1663 | D:3      | Reached skill level 1 in Fire Magic
  1663 | D:3      | Reached skill level 1 in Ice Magic
  1663 | D:3      | Reached skill level 1 in Air Magic
  1663 | D:3      | Reached skill level 1 in Earth Magic
  1663 | D:3      | Reached skill level 1 in Poison Magic
  1697 | D:3      | Reached XP level 5. HP: 30/40 MP: 8/12
  1731 | D:3      | Reached * piety under Nemelex Xobeh
  1843 | D:3      | Found a radiant altar of Vehumet.
  1918 | D:3      | Received a gift from Nemelex Xobeh
  2168 | D:3      | Noticed Terence
  2175 | D:3      | Killed Terence
  2304 | D:4      | Noticed an ice beast
  2313 | D:4      | Killed an ice beast
  2314 | D:4      | Reached XP level 6. HP: 47/47 MP: 4/14
  2337 | D:4      | Learned a level 4 spell: Ice Form
  2393 | D:4      | Reached skill level 5 in Dodging
  2493 | D:4      | Found a bloodstained altar of Trog.
  2803 | D:4      | Reached XP level 7. HP: 52/52 MP: 12/15
  2844 | D:4      | Got a steaming quarterstaff
  2845 | D:4      | Identified the +4 quarterstaff "Qowamami" {drain, Int+3
                  | Dex+2} (You found it on level 4 of the Dungeon)
  3387 | D:5      | Entered Level 5 of the Dungeon
  3444 | D:5      | Found a broken altar of Ashenzari.
  3477 | D:5      | Reached ** piety under Nemelex Xobeh
  3477 | D:5      | Received a gift from Nemelex Xobeh
  3602 | D:5      | Found a glowing drain.
  3618 | Sewer    | Entered a sewer
  3790 | Sewer    | Got an ivory morningstar
  3790 | Sewer    | Identified the cursed +1 morningstar "Kipsoe Poidgh"
                  | {flame, Str+7 Dex-5 Stlth+} (You found it in a sewer)
  3860 | Sewer    | Reached XP level 8. HP: 54/60 MP: 13/16
  4236 | D:5      | Received a gift from Nemelex Xobeh
  4415 | D:5      | Found an iron altar of Okawaru.
  5081 | D:6      | Found an ornate altar of the Wu Jian Council.
  5364 | D:6      | Found a stormy altar of Qazlal.
  5901 | D:7      | Reached skill level 5 in Transmutations
  5901 | D:7      | Reached XP level 9. HP: 66/66 MP: 9/18
  6004 | D:7      | Noticed Maggie
  6032 | D:7      | Killed Maggie
  6117 | D:7      | Reached *** piety under Nemelex Xobeh
  6117 | D:7      | Received a gift from Nemelex Xobeh
  6196 | D:7      | Found a staircase to the Ecumenical Temple.
  6289 | D:8      | Noticed Pikel
  6301 | D:8      | Killed Pikel
  6302 | D:8      | Reached skill level 5 in Fighting
  6410 | D:8      | Received a gift from Nemelex Xobeh
  6424 | D:8      | Learned a level 2 spell: Passwall
  6474 | D:8      | Noticed Psyche
  6479 | D:8      | Killed Psyche
  6670 | D:8      | Reached skill level 5 in Invocations
  6680 | D:8      | Found Orimuor's Jewellery Emporium.
  6685 | D:8      | Got a faintly glowing long sword
  6686 | D:8      | Identified the +9 long sword "Homietez" {freeze, Int+3}
                  | (You found it on level 8 of the Dungeon)
  6688 | D:8      | Received a gift from Nemelex Xobeh
  6693 | D:8      | Bought an uncursed ring of willpower for 375 gold pieces
  6693 | D:8      | Bought a cursed amulet of inaccuracy for 30 gold pieces
  6912 | D:8      | Found a sacrificial altar of Ru.
  6996 | D:9      | Noticed a two-headed ogre
  6998 | D:9      | Killed a two-headed ogre
  6999 | D:9      | Reached XP level 10. HP: 76/76 MP: 20/20
  7033 | D:9      | Learned a level 5 spell: Blade Hands
  7084 | D:9      | Reached skill level 5 in Short Blades
  7084 | D:9      | Reached skill level 5 in Long Blades
  7084 | D:9      | Reached skill level 5 in Axes
  7084 | D:9      | Reached skill level 5 in Maces & Flails
  7084 | D:9      | Reached skill level 5 in Polearms
  7084 | D:9      | Reached skill level 5 in Staves
  7084 | D:9      | Reached skill level 5 in Slings
  7084 | D:9      | Reached skill level 5 in Bows
  7084 | D:9      | Reached skill level 5 in Crossbows
  7084 | D:9      | Reached skill level 5 in Throwing
  7084 | D:9      | Reached skill level 5 in Armour
  7084 | D:9      | Reached skill level 5 in Stealth
  7084 | D:9      | Reached skill level 5 in Shields
  7084 | D:9      | Reached skill level 5 in Evocations
  7236 | D:9      | Reached **** piety under Nemelex Xobeh
  8625 | D:10     | Entered Level 10 of the Dungeon
  8665 | D:10     | Found a staircase to the Lair.
  8665 | D:10     | Noticed an elephant
  8683 | D:10     | Killed an elephant
  8887 | D:10     | Received a gift from Nemelex Xobeh
  8896 | D:10     | Reached XP level 11. HP: 79/83 MP: 11/22
  9234 | D:10     | Noticed a two-headed ogre
  9241 | D:10     | Killed a two-headed ogre
  9242 | D:10     | Reached skill level 5 in Conjurations
  9242 | D:10     | Reached skill level 5 in Hexes
  9242 | D:10     | Reached skill level 5 in Summonings
  9242 | D:10     | Reached skill level 5 in Necromancy
  9242 | D:10     | Reached skill level 5 in Translocations
  9242 | D:10     | Reached skill level 5 in Fire Magic
  9242 | D:10     | Reached skill level 5 in Ice Magic
  9242 | D:10     | Reached skill level 5 in Air Magic
  9242 | D:10     | Reached skill level 5 in Earth Magic
  9242 | D:10     | Reached skill level 5 in Poison Magic
  9276 | D:10     | Found a sparkling altar of Nemelex Xobeh.
  9284 | D:10     | Noticed Maurice
  9297 | D:10     | Killed Maurice
  9590 | D:10     | Noticed an oklob plant
  9603 | D:10     | Killed an oklob plant
  9921 | D:10     | Reached ***** piety under Nemelex Xobeh
 10376 | D:3      | Identified Sif Muna's Disquisition on Moulding
 10546 | Lair:1   | Entered Level 1 of the Lair of Beasts
 10666 | Lair:1   | Noticed an oklob plant
 10676 | Lair:1   | Noticed an oklob plant
 10676 | Lair:1   | Noticed an oklob plant
 10676 | Lair:1   | Noticed an oklob plant
 10677 | Lair:1   | Killed an oklob plant
 10922 | Lair:1   | Killed an oklob plant
 11482 | Lair:1   | You fall into a shaft and drop 1 floor!
 11516 | Lair:1   | Reached XP level 12. HP: 91/91 MP: 20/24
 11826 | Lair:1   | Received a gift from Nemelex Xobeh
 12275 | Lair:1   | Received a gift from Nemelex Xobeh
 13186 | Lair:2   | Noticed a seven-headed hydra
 13190 | Lair:2   | Killed a seven-headed hydra
 13862 | Lair:2   | Gained mutation: You are weak. (Str -2) [mutagenic glow]
 14239 | Lair:2   | Reached skill level 10 in Unarmed Combat
 15438 | Lair:3   | Noticed a five-headed hydra
 15452 | Lair:3   | Killed a five-headed hydra
 15603 | Lair:3   | Reached XP level 13. HP: 73/98 MP: 21/26
 15773 | Lair:3   | Found a staircase to the Shoals.
 15810 | Lair:3   | Received a gift from Nemelex Xobeh
 16262 | Lair:4   | Found a hole to the Spider Nest.
 16791 | Lair:4   | Received a gift from Nemelex Xobeh
 17043 | Lair:4   | Noticed a shambling mangrove
 17043 | Lair:4   | an oklob plant changed into a shambling mangrove
 17060 | Lair:4   | Noticed a thorn hunter
 17060 | Lair:4   | a shambling mangrove changed into a thorn hunter
 17066 | Lair:4   | Killed a thorn hunter
 17357 | Lair:4   | Found a runed translucent gate.
 17357 | Lair:4   | Found a runed translucent gate.
 17358 | Lair:4   | Found a runed translucent gate.
 17359 | Lair:4   | Noticed Fiha's ghost (journeyman VSTm)
 17737 | Lair:5   | Received a gift from Nemelex Xobeh
 17745 | Lair:5   | Found a dark tunnel.
 17752 | Volcano  | Entered a volcano
 18064 | Volcano  | Got a crystal shortbow
 18085 | Volcano  | Identified the cursed +0 shortbow "Fell" {vorpal, rPois}
                  | (You found it in a volcano)
 18103 | Volcano  | Reached skill level 10 in Spellcasting
 19280 | Lair:5   | Received a gift from Nemelex Xobeh
 19314 | Lair:5   | Reached XP level 14. HP: 95/108 MP: 21/28
 19329 | Lair:5   | Reached skill level 10 in Dodging
 19336 | Lair:5   | Identified the +0 quarterstaff "Emmeanipuk" {vorpal, rF+
                  | rC- Will+++ Dex+5}
 20348 | Lair:5   | Reached skill level 10 in Invocations
 20644 | Lair:5   | Received a gift from Nemelex Xobeh
 20776 | Lair:5   | Found a runed translucent door.
 21333 | Lair:6   | Entered Level 6 of the Lair of Beasts
 22118 | Lair:6   | Reached ****** piety under Nemelex Xobeh
 22367 | Lair:6   | Received a gift from Nemelex Xobeh
 22461 | Lair:6   | Found a viscous altar of Jiyva.
 22462 | Lair:6   | Found a staircase to the Slime Pits.
 22598 | Lair:6   | Reached skill level 10 in Fighting
 23457 | Lair:6   | Reached XP level 15. HP: 113/115 MP: 25/29
 23490 | Lair:6   | Received a gift from Nemelex Xobeh
 24278 | Lair:6   | Learned a level 2 spell: Swiftness
 25195 | Lair:3   | Got a scorched hunting sling
 25196 | Lair:3   | Identified the cursed +0 hunting sling "Vynaent" {freeze,
                  | rC+ Int-3 Dex+2 Stlth+} (You found it on level 3 of the
                  | Lair of Beasts)
 27780 | D:11     | Found a staircase to the Orcish Mines.
 27909 | D:11     | Received a gift from Nemelex Xobeh
 28161 | D:11     | Received a gift from Nemelex Xobeh
 28196 | D:11     | Noticed Harold
 28209 | D:11     | Killed Harold
 28688 | D:12     | Found a frozen archway.
 28705 | D:12     | Reached skill level 10 in Short Blades
 28705 | D:12     | Reached skill level 10 in Long Blades
 28705 | D:12     | Reached skill level 10 in Axes
 28705 | D:12     | Reached skill level 10 in Maces & Flails
 28705 | D:12     | Reached skill level 10 in Polearms
 28705 | D:12     | Reached skill level 10 in Staves
 28705 | D:12     | Reached skill level 10 in Slings
 28705 | D:12     | Reached skill level 10 in Bows
 28705 | D:12     | Reached skill level 10 in Crossbows
 28705 | D:12     | Reached skill level 10 in Throwing
 28705 | D:12     | Reached skill level 10 in Armour
 28705 | D:12     | Reached skill level 10 in Stealth
 28705 | D:12     | Reached skill level 10 in Shields
 28705 | D:12     | Reached skill level 10 in Evocations
 28984 | IceCv    | Entered an ice cave
 30074 | IceCv    | Noticed a frost giant
 30129 | IceCv    | Noticed a shadow dragon
 30129 | IceCv    | a frost giant changed into a shadow dragon
 30144 | IceCv    | Killed a shadow dragon
 30475 | IceCv    | Got a wavering marble ring
 30476 | IceCv    | Identified the ring "Sinaluf" {rPois rC+} (You found it in
                  | an ice cave)
 30994 | D:13     | Found a gate leading to a gauntlet.
 31102 | Gauntlet | Entered a Gauntlet
 31102 | Gauntlet | Found a transporter.
 31102 | Gauntlet | Found a transporter.
 31102 | Gauntlet | Found a runed translucent door.
 31102 | Gauntlet | Found a runed translucent gate.
 31167 | Gauntlet | Found a runed translucent door.
 31167 | Gauntlet | Found a runed translucent gate.
 31169 | Gauntlet | Found a transporter.
 31169 | Gauntlet | Found a transporter.
 31170 | Gauntlet | Found a runed translucent gate.
 31170 | Gauntlet | Received a gift from Nemelex Xobeh
 31199 | Gauntlet | Found a transporter.
 31201 | Gauntlet | Found a transporter.
 31201 | Gauntlet | Found a transporter.
 31202 | Gauntlet | Found a transporter.
 31213 | Gauntlet | Found a transporter.
 31229 | Gauntlet | Found a transporter.
 31238 | Gauntlet | Found a transporter.
 31242 | Gauntlet | Found a runed translucent door.
 31256 | Gauntlet | Found a transporter.
 31273 | Gauntlet | Found a transporter.
 31287 | Gauntlet | Found a transporter.
 31698 | Gauntlet | Got a pair of ichor-stained gloves
 31708 | Gauntlet | Identified the cursed +0 pair of gloves "Faret" {rF- Int+7
                  | Dex+3} (You found it in a Gauntlet)
 32126 | Gauntlet | Got a pair of spiked boots
 32136 | Gauntlet | Identified the +1 pair of boots "Lul Maetz" {rF++} (You
                  | found it in a Gauntlet)
 32173 | Gauntlet | Identified the cursed +1 glaive of Extinguishment {drain,
                  | +Inv rC+ Str+5 Int-5}
 32189 | Gauntlet | Noticed an emperor scorpion
 32189 | Gauntlet | a minotaur changed into an emperor scorpion
 32190 | Gauntlet | Killed an emperor scorpion
 32915 | D:13     | Found a blossoming altar of Fedhas.
 33169 | D:13     | Reached XP level 16. HP: 122/124 MP: 27/31
 33494 | D:13     | Paralysed by a wizard for 4 turns
 33602 | D:13     | Found a gate to the Vaults.
 34193 | D:12     | Noticed Urug
 34244 | D:12     | Killed Urug
 35113 | Orc:1    | Entered Level 1 of the Orcish Mines
 35399 | Orc:1    | Received a gift from Nemelex Xobeh
 35615 | Orc:2    | Entered Level 2 of the Orcish Mines
 36187 | Orc:1    | Reached skill level 10 in Transmutations
 36470 | Orc:2    | Received a gift from Nemelex Xobeh
 36511 | Orc:2    | Found a roughly hewn altar of Beogh.
 36760 | Orc:2    | Found Cauc's Antique Weapon Emporium.
 36834 | Orc:2    | Found Xef Dukk's Book Shoppe.
 37291 | Orc:2    | Received a gift from Nemelex Xobeh
 37363 | Orc:2    | Found a staircase to the Elven Halls.
 37424 | Orc:2    | Identified the ring of Woadec {rF- rCorr Str+6 Dex+4 SInv}
 37439 | Orc:2    | Paralysed by an orc sorcerer for 6 turns
 37928 | Orc:2    | Found a roughly hewn altar of Beogh.
 38047 | Orc:2    | Found Qeuserhi's Book Emporium.
 38307 | Orc:2    | Found Duoross's Book Boutique.
 38892 | Spider:1 | Entered Level 1 of the Spider Nest
 38892 | Spider:1 | Received a gift from Nemelex Xobeh
 39790 | Spider:1 | Received a gift from Nemelex Xobeh
 40223 | Spider:2 | Reached XP level 17. HP: 131/131 MP: 31/33
 40726 | Spider:2 | Got a pair of transparent boots
 40754 | Spider:1 | Identified the +0 pair of boots of Ghostly Amelioration
                  | {Harm Str-5 Int+3} (You found it on level 2 of the Spider
                  | Nest)
 41151 | Spider:2 | Got a pair of twisted boots
 41169 | Spider:2 | Identified the cursed -3 pair of boots "Cing" {*Slow rN+
                  | Int+4} (You found it on level 2 of the Spider Nest)
 43118 | Spider:3 | Received a gift from Nemelex Xobeh
 43357 | Spider:3 | Noticed Asterion
 43362 | Spider:3 | Killed Asterion
 43777 | Spider:3 | Reached skill level 10 in Conjurations
 43777 | Spider:3 | Reached skill level 10 in Hexes
 43777 | Spider:3 | Reached skill level 10 in Summonings
 43777 | Spider:3 | Reached skill level 10 in Necromancy
 43777 | Spider:3 | Reached skill level 10 in Translocations
 43777 | Spider:3 | Reached skill level 10 in Fire Magic
 43777 | Spider:3 | Reached skill level 10 in Ice Magic
 43777 | Spider:3 | Reached skill level 10 in Air Magic
 43777 | Spider:3 | Reached skill level 10 in Earth Magic
 43777 | Spider:3 | Reached skill level 10 in Poison Magic
 44041 | Spider:3 | Got a crystal demon whip
 44041 | Spider:3 | Identified the +7 demon whip "Sev Dawo" {vorpal, +Inv rPois
                  | Str+3} (You found it on level 3 of the Spider Nest)
 44684 | Spider:3 | Upgraded the game from 0.27-a0-156-gbcd94eb011 to
                  | 0.27-a0-170-g607d9e9d85
 44763 | Spider:4 | Entered Level 4 of the Spider Nest
 44763 | Spider:4 | Received a gift from Nemelex Xobeh
 45718 | Spider:4 | Received a gift from Nemelex Xobeh
 45761 | Spider:4 | Noticed Bai Suzhen
 45766 | Spider:4 | Reached XP level 18. HP: 140/140 MP: 14/34
 45766 | Spider:4 | Noticed Bai Suzhen
 45766 | Spider:4 | Bai Suzhen changed into Bai Suzhen the sphinx
 45766 | Spider:4 | Noticed Bai Suzhen
 45766 | Spider:4 | Bai Suzhen the sphinx changed into Bai Suzhen the
                  | quicksilver dragon
 45777 | Spider:4 | Killed Bai Suzhen the quicksilver dragon
 47083 | Spider:4 | Got a gossamer rune of Zot
 47161 | Spider:4 | Learned a level 5 spell: Bolt of Magma
 47168 | Spider:4 | Learned a level 6 spell: Iron Shot
 47660 | Shoals:1 | Entered Level 1 of the Shoals
 47660 | Shoals:1 | Noticed Frances
 47828 | Shoals:1 | Killed Frances
 47900 | Shoals:1 | Received a gift from Nemelex Xobeh
 47954 | Lair:3   | Killed from afar by a water nymph

Illustrated notes

#......†.......
#..............
#..............
#..............
####...........
##.##........
##...####.....
#.._..# .....
#.8@8.# ∆...
###+### ...
#...# #≈≈≈#
#.oo# #####


Turn 1574 on D:3: book past water

Levels and vault maps discovered:
D:1:      ebering_trefoil_3fold, layout_basic
D:2:      layout_basic, tso_metal_star, nzn_hepliaklqana_mist_gate,
          serial_curves, eino_curves_03, eino_curves_03, eino_curves_02,
          eino_curves_02, nemelex_dance_club_becter
D:3:      layout_basic, nicolae_overflow_crystal_walls, led_sif_book,
          bh_walls_and_bars, uniq_terence
D:4:      layout_basic, bloody_trog
D:5:      layout_loops_ring, okawaru_altar_gauntlet_db, ashenzari_altar_1,
          portal_sewer_entry_b, moated_statue, minmay_misc_feat_rugged
D:6:      layout_loops_ring, pdpol_wu_jian_five_deadly_venoms,
          lemuel_doored_altar, lexackson_kobold_supper
D:7:      layout_loops_ring, minmay_temple_entry_antechambers, uniq_maggie
D:8:      layout_gridville, nicolae_ru_the_path_less_chosen, serial_shops, shop,
          hangedman_decor_diamond_cutter, nrook_mini_vaults, grunt_ministairs_2,
          serial_bayou_pond_a, uniq_psyche, uniq_pikel
D:9:      layout_loops_cross, hangedman_glass_teeth, st_stairs_9
D:10:     layout_long_grid, david_lair_generic, lemuel_oklob_altar, uniq_maurice
D:11:     layout_loops_ring, orc_0_dummy, lightli_corner_chamber, uniq_harold
D:12:     kennysheep_blocky_hall, layout_small_grid, portal_ice_cave_rime,
          uniq_urug
D:13:     layout_basic, grunt_vaults_entry_fortified, gauntlet_entry_generic,
          basic_altar
Lair:1:   layout_gridlike, minmay_shattered_shrine, grunt_megastairs_5,
          lemuel_fruit_fields, minmay_lair_oklob_chamber,
          infiniplex_staircase_pool
Lair:2:   layout_cave_pods, lemuel_fruit_fields, lemuel_fruit_tree
Lair:3:   layout_chaotic_city, elwin_shoals_entry_rooms
Lair:4:   lemuel_slime, layout_cave_shapes, spider_nest_entry_a,
          gammafunk_ghost_necromancy, beast_lair_carwin_2,
          infiniplex_staircase_pool_2
Lair:5:   layout_regular_city, lightli_volcano_entry_magma_tube, pf_torpor_hydra
Lair:6:   evilmike_catoblepas_cave, layout_cave_pods,
          dpeg_slime_entry_enclosed_altar, serial_bayou_pond_d
Shoals:1: layout_shoals, serial_shops, nicolae_shop_behind_doors,
          nicolae_shoals_dead_sea_scrolls, uniq_frances
Spider:1: layout_spider_delve, nicolae_looking_at_the_future
Spider:2: layout_spider_delve, drop_trap, minmay_another_anthill
Spider:3: spider_temple_joshua, drop_trap, nicolae_spider_cling_halls,
          uniq_asterion
Spider:4: grunt_spider_rune_circles, uniq_bai_suzhen
Orc:1:    layout_caves
Orc:2:    pubby_orc_utopia

Skill      XL: |  1  2  3  4  5  6  7  8  9 10 11 12 13 14 15 16 17 18 |
---------------+-------------------------------------------------------+-----
Spellcasting   | 5 6 7 8 9 10 11 12 13 | 13.0
Invocations    | 1 2 3 4 5 6 7 8 9 10 11 12 13 | 13.1
Short Blades   | 1 2 3 4 5 6 7 8 9 10 11 12 | 12.1
Long Blades    | 1 2 3 4 5 6 7 8 9 10 11 12 | 12.1
Axes           | 1 2 3 4 5 6 7 8 9 10 11 12 | 12.1
Maces & Flails | 1 2 3 4 5 6 7 8 9 10 11 12 | 12.1
Polearms       | 1 2 3 4 5 6 7 8 9 10 11 12 | 12.1
Staves         | 1 2 3 4 5 6 7 8 9 10 11 12 | 12.1
Slings         | 1 2 3 4 5 6 7 8 9 10 12 13 | 13.5
Bows           | 1 2 3 4 5 6 7 8 9 10 11 12 | 12.1
Crossbows      | 1 2 3 4 5 6 7 8 9 10 11 12 | 12.1
Throwing       | 1 2 3 4 5 6 7 8 9 10 11 12 | 12.1
Armour         | 1 2 3 4 5 6 7 8 9 10 11 12 | 12.1
Stealth        | 1 2 3 4 5 6 7 8 9 10 11 12 | 12.1
Shields        | 1 2 3 4 5 6 7 8 9 10 11 12 | 12.1
Evocations     | 1 2 3 4 5 6 7 8 9 10 11 12 | 12.1
Conjurations   | 1 2 3 4 5 6 7 8 9 10 | 10.4
Hexes          | 1 2 3 4 5 6 7 8 9 10 | 10.4
Summonings     | 1 2 3 4 5 6 7 8 9 10 | 10.4
Necromancy     | 1 2 3 4 5 6 7 8 9 10 | 10.4
Translocations | 1 2 3 4 5 6 7 8 9 10 | 10.4
Fire Magic     | 1 2 3 4 5 6 7 8 9 10 | 10.4
Ice Magic      | 1 2 3 4 5 6 7 8 9 10 | 10.4
Air Magic      | 1 2 3 4 5 6 7 8 9 10 | 10.4
Earth Magic    | 1 2 3 4 5 6 7 8 9 10 | 10.4
Poison Magic   | 1 2 3 4 5 6 7 8 9 10 | 10.4
Fighting       | 3 4 5 6 7 8 9 10 11 12 | 12.4
Transmutations | 4 5 6 7 8 9 10 11 | 11.0
Dodging        | 5 6 7 8 9 10 11 12 | 12.8
Unarmed Combat | 7 8 9 10 11 12 13 | 13.5

Action                   |  1- 3 |  4- 6 |  7- 9 | 10-12 | 13-15 | 16-18 || total
-------------------------+-------+-------+-------+-------+-------+-------++-------
Melee: Unarmed           |   108 |   100 |   412 |   557 |  1167 |  1482 ||  3826
       Punch             |     3 |       |     8 |     8 |    52 |    71 ||   142
       Bite              |     4 |     5 |    15 |    31 |   124 |   162 ||   341
       Headbutt          |     2 |       |       |       |       |       ||     2
       Staff             |       |       |       |       |    13 |       ||    13
 Fire: Hunting sling     |       |       |       |       |    24 |       ||    24
Throw: Dart              |       |       |       |     4 |     2 |    68 ||    74
 Cast: Beastly Appendage |     1 |       |       |       |     1 |       ||     2
       Spider Form       |     1 |    11 |    32 |    13 |     1 |     2 ||    60
       Ice Form          |       |       |     2 |    12 |    11 |     4 ||    29
       Blade Hands       |       |       |       |    26 |   101 |   165 ||   292
       Passwall          |       |       |       |     8 |     5 |     3 ||    16
       Swiftness         |       |       |       |       |       |     2 ||     2
       Bolt of Magma     |       |       |       |       |       |     2 ||     2
Invok: Draw Destruction  |       |       |     2 |     9 |    14 |     1 ||    26
       Draw Summoning    |       |       |     2 |     2 |     9 |     4 ||    17
       Deal Four         |       |       |       |     1 |     7 |     5 ||    13
       Stack Five        |       |       |       |     1 |       |       ||     1
 Abil: End Transformatio |       |       |       |       |     1 |     3 ||     4
Evoke: Tin of tremorston |       |       |       |       |     1 |     2 ||     3
       Phial of floods   |       |       |       |       |     1 |     2 ||     3
       Wand              |       |       |       |       |     1 |    20 ||    21
       Condenser vane    |       |       |       |       |       |     1 ||     1
       Lightning rod     |       |       |       |       |       |     4 ||     4
  Use: Scroll            |       |       |    17 |     7 |    10 |     3 ||    37
       Potion            |       |       |     1 |       |     5 |    15 ||    21
 Stab: Sleeping          |     1 |     3 |    10 |     4 |    12 |    14 ||    44
       Distracted        |       |       |       |     2 |     3 |     2 ||     7
       Petrified         |       |       |       |       |     2 |       ||     2
       Petrifying        |       |       |       |       |     1 |       ||     1
Armor: Robe              |     1 |       |       |       |       |       ||     1
       Leather armour    |    24 |     1 |    31 |       |       |       ||    56
       Skin              |       |     2 |    12 |    21 |    13 |     6 ||    54
       Acid dragon scale |       |       |     4 |    80 |   322 |       ||   406
       Troll leather arm |       |       |       |       |    42 |   496 ||   538
Dodge: Dodged            |    65 |    53 |   344 |   334 |   776 |  1489 ||  3061

Table legend: (Time is in decaauts)
 A = Elapsed time spent in this place.
 B = Non-inter-level travel time spent in this place.
 C = Inter-level travel time spent in this place.
 D = Time resting spent in this place.
 E = Time spent auto-exploring this place.
 F = Levels seen in this place.
 G = Mean time per level.
                   A        B        C        D        E       F      G
               +--------+--------+--------+--------+--------+-----+--------+
         Total |  47314 |  43291 |   4023 |   3329 |  30582 |  30 | 1577.1 |
       Dungeon |  16513 |  14214 |   2299 |    737 |  10612 |  13 | 1270.2 |
          Lair |  14518 |  13483 |   1035 |   1696 |   9752 |   6 | 2419.7 |
        Shoals |    243 |    241 |      2 |    115 |     34 |   1 |  243.0 |
   Spider Nest |   8308 |   7677 |    631 |    241 |   5438 |   4 | 2077.0 |
  Orcish Mines |   3377 |   3322 |     55 |     94 |   2150 |   2 | 1688.5 |
         Sewer |    299 |    299 |      0 |      0 |    143 |   1 |  299.0 |
      Ice Cave |   1712 |   1712 |      0 |    140 |   1014 |   1 | 1712.0 |
       Volcano |    952 |    952 |      0 |    279 |    310 |   1 |  952.0 |
      Gauntlet |   1389 |   1389 |      0 |     26 |   1127 |   1 | 1389.0 |
               +--------+--------+--------+--------+--------+-----+--------+

Top non-repeatable levels by time:
  Lair:6: 3503 daAuts
  Lair:1: 3341 daAuts
  Lair:5: 2618 daAuts
   Orc:2: 2572 daAuts
Spider:3: 2296 daAuts
Spider:4: 2156 daAuts
Spider:2: 2032 daAuts
     D:9: 2026 daAuts
  Lair:4: 1836 daAuts
Spider:1: 1823 daAuts
   IceCv: 1712 daAuts
    D:10: 1683 daAuts
    D:12: 1625 daAuts
  Lair:3: 1613 daAuts
  Lair:2: 1605 daAuts
